 Dungeon Crawl Stone Soup version 0.18.1-48-g4cf74bf (webtiles) character file.

240 Heedrag the Conjurer (level 5, -1/28 HPs)
             Began as a Deep Elf Conjurer on Aug 1, 2016.
             Killed from afar by an orc wizard (7 damage)
             ... with a magic dart
             ... on level 4 of the Dungeon.
             The game lasted 00:07:06 (3072 turns).

Heedrag the Conjurer (Deep Elf Conjurer)            Turns: 3072, Time: 00:07:07

Health: -1/28      AC:  3    Str:  6    XL:     5   Next: 80%
Magic:  2/14       EV: 13    Int: 20    God:
Gold:   111        SH:  0    Dex: 15    Spells: 4 memorised, 0 levels left

rFire  . . .     SeeInvis .     f - +2 dagger (flame)
rCold  . . .     Gourm    .     a - +0 robe
rNeg   . . .     Faith    .     (no shield)
rPois  .         Spirit   .     (no helmet)
rElec  .         Dismiss  .     (no cloak)
rCorr  .         Reflect  .     o - +0 pair of gloves
SustAt .         Harm     .     (no boots)
MR     .....                    e - amulet of inaccuracy (curse)
Stlth  ++........               (no ring)
                                (no ring)

@: not resistant to hostile enchantments, unstealthy
A: no striking features
a: no special abilities


You were on level 4 of the Dungeon.
You were not hungry.

You visited 1 branch of the dungeon, and saw 4 of its levels.

You collected 111 gold pieces.

Inventory:

Hand Weapons
 f - a +2 dagger of flaming (weapon)
 h - a +1 short sword of draining
Armour
 a - a +0 robe (worn)
 o - a +0 pair of gloves (worn)
Jewellery
 e - a cursed amulet of inaccuracy (around neck)
 v - an uncursed ring of ice
Scrolls
 i - a scroll of enchant armour {unknown}
 j - 3 scrolls of identify {unknown}
 l - a scroll of random uselessness {unknown}
 q - a scroll of remove curse {unknown}
 t - 2 scrolls of amnesia {unknown}
 u - 3 scrolls of teleportation {unknown}
 y - a scroll of enchant weapon {unknown}
Potions
 d - a potion of ambrosia {unknown}
 k - a potion of cancellation {unknown}
 n - a potion of heal wounds {unknown}
 s - a potion of mutation {unknown}
 w - 2 potions of degeneration {unknown}
 x - a potion of berserk rage {unknown}
 A - a potion of lignification {unknown}
Books
 b - a book of Conjurations

   Spells                             Type                      Level
   a - Magic Dart                     Conjuration                  1
   b - Searing Ray                    Conjuration                  2
   c - Dazzling Spray                 Conjuration/Hexes            3
   d - Fulminant Prism                Conjuration/Hexes            4
   e - Iskenderun's Mystic Blast      Conjuration                  4
   f - Iskenderun's Battlesphere      Conjuration/Charms           5
Comestibles
 c - a bread ration
 g - a beef jerky
 m - 3 fruits
 p - 4 meat rations
 r - a slice of pizza
 z - 3 chunks of flesh


   Skills:
 - Level 2.4 Dodging
 - Level 2.4 Stealth
 + Level 4.8 Spellcasting
 * Level 6.9 Conjurations
 + Level 1.7 Charms


You couldn't memorise any spells.
You knew the following spells:

 Your Spells              Type           Power        Failure   Level  Hunger
a - Magic Dart            Conj           ####         1%          1    None
b - Dazzling Spray        Conj/Hex       ###...       10%         3    ##.....
c - Iskenderun's Mystic   Conj           ####....     10%         4    ####...
d - Iskenderun's Battles  Conj/Chrm      ###.....     58%         5    ######.


Dungeon Overview and Level Annotations

Branches:
Dungeon (4/15)
 Temple: D:4-7

Altars:
Ashenzari
Makhleb
Pakellas
The Shining One


Message History

Confirm wit' . or Enter, or press ? or * ta list all spells.
Aimin': Magic Dart
Press: ? - help, Shift-Dir - straight line, f/p - orc wizard
Aim: an orc wizard, wieldin' a dagger an' wearin' a robe (heavily wounded) Tha magic dart hits tha orc.
Tha orc be moderately wounded.
Tha orc closely misses ye.
Tha orc wizard mumbles some strange words.
Tha orc wizard flickers an' vanishes!
Deactivatin' autopickup; reactivate wit' Ctrl-A.
Thin's tha be 'ere: a short sword; a leathar armour A magic dart appears from outta thin air!
Tha magic dart hits ye!
A puff o' flame appears from outta thin air!
Tha puff o' flame hits ye!
* * * LOW HITPOINT WARNIN'
* * * A magic dart appears from outta thin air!
Tha magic dart hits ye!
Ye die...

#o ........#.#.###.#
#. ..........#....>#
#. #########.#######
#. #.# #.######
######.# #......###
#......# #......).#
#.######
##.#.#.#.########.#
#....#.#..o....@>.#
......#.############
........# #########


You could see an orc.

Vanquished Creatures
  A crimson imp (D:2)
  An orc wizard (D:4)
  10 adders
  3 worms
  A dart slug (D:1)
  3 giant geckos
  6 orcs
  7 bats
  3 giant cockroaches
  8 goblins
  6 hobgoblins
  4 jackals (D:3)
  A quokka (D:4)
  2 giant newts (D:1)
  10 kobolds
  12 rats
78 creatures vanquished.

Vanquished Creatures (others)
  2 plants (D:1)
2 creatures vanquished.

Grand Total: 80 creatures vanquished

Notes
Turn   | Place    | Note
--------------------------------------------------------------
     0 | D:1      | Heedrag the Deep Elf Conjurer began the quest for the Orb.
     0 | D:1      | Reached XP level 1. HP: 10/10 MP: 6/6
   114 | D:1      | Reached XP level 2. HP: 8/15 MP: 1/8
   390 | D:1      | Reached skill level 5 in Conjurations
   959 | D:1      | Reached XP level 3. HP: 19/19 MP: 7/10
   973 | D:1      | Learned a level 3 spell: Dazzling Spray
  1170 | D:2      | Found a glowing golden altar of the Shining One.
  1367 | D:2      | Found an oddly glowing altar of Pakellas.
  1566 | D:2      | Reached XP level 4. HP: 24/24 MP: 8/12
  1596 | D:2      | Found a burning altar of Makhleb.
  1604 | D:2      | Reached skill level 6 in Conjurations
  1758 | D:2      | Learned a level 4 spell: Iskenderun's Mystic Blast
  2222 | D:3      | Reached XP level 5. HP: 27/28 MP: 9/13
  2512 | D:3      | Learned a level 5 spell: Iskenderun's Battlesphere
  2662 | D:3      | Found a faded altar to an unknown god.
  2808 | D:4      | Reached skill level 1 in Charms
  2919 | D:4      | Found a shattered altar of Ashenzari.
  3072 | D:4      | Killed from afar by an orc wizard

Skill      XL: |  1  2  3  4  5 |
---------------+----------------+-----
Conjurations   | 5 6 |  6.9
Spellcasting   | 4 |  4.8
Charms         | 1 |  1.7
Dodging        | |  2.4
Stealth        | |  2.4

Action                   |  1- 3 |  4- 6 || total
-------------------------+-------+-------++-------
Melee: Dagger            |    20 |     2 ||    22
 Cast: Magic Dart        |    69 |   105 ||   174
       Dazzling Spray    |       |     2 ||     2
  Eat: Chunk             |     2 |     4 ||     6
Armor: Robe              |     3 |     3 ||     6
Dodge: Dodged            |    15 |    22 ||    37
